 Dungeon Crawl Stone Soup version 0.28-a0-1616-g050a50673c (webtiles) character file.

Game seed: 2391960306441404228

4 innerfire433 the Charlatan (level 1, -1/11 HPs)
             Began as a Deep Elf Artificer on Jan 22, 2022.
             Slain by a hobgoblin (2 damage)
             ... on level 1 of the Dungeon.
             The game lasted 00:00:29 (740 turns).

innerfire433 the Charlatan (Deep Elf Artificer)      Turns: 740, Time: 00:00:29

Health: -1/11      AC:  3    Str:  9    XL:     1   Next: 50%
Magic:  3/3        EV: 12    Int: 15    God:
Gold:   16         SH:  0    Dex: 15    Spells: 0/0 levels left

rFire   . . .      SeeInvis .   a - +0 club
rCold   . . .      Faith    .   (no shield)
rNeg    . . .      Spirit   .   b - +0 leather armour
rPois   .          Reflect  .   (no helmet)
rElec   .          Harm     .   (no cloak)
rCorr   .          Rampage  .   (no gloves)
Will    .....                   (no boots)
Stlth   ++........              (no amulet)
HPRegen 0.03/turn               (no ring)
MPRegen 0.08/turn               (no ring)

@: no status effects
A: no striking features
a: no special abilities


You were on level 1 of the Dungeon.
You visited 1 branch of the dungeon, and saw 1 of its levels.

You collected 16 gold pieces.

Inventory:

Hand Weapons
 a - a +0 club (weapon)
Armour
 b - a +0 leather armour (worn)
Jewellery
 f - an amulet of faith
Wands
 c - a wand of flame (15) (quivered)
 d - a wand of charming (15)
Scrolls
 g - a scroll of identify {unknown}
Potions
 h - a potion of lignification {unknown}
Miscellaneous
 e - a piece from Xom's chessboard (15/15)


   Skills:
 + Level 0.9 Fighting
 + Level 0.9 Armour
 + Level 2.5 Dodging
 + Level 1.4 Stealth
 + Level 3.3 Evocations


You couldn't memorise any spells.
You didn't know any spells.
Your spell library was empty.

Dungeon Overview and Level Annotations

Branches:
Dungeon (1/15)

Altars:


Message History

A hobgoblin comes into view.
The hobgoblin shouts!
You hear a shout! x2
A hobgoblin is nearby!
A hobgoblin is nearby!
A kobold comes into view. It is wielding a +0 short sword.
The kobold shouts!
A kobold comes into view. It is wielding a +0 whip.
The kobold shouts!
You hit the hobgoblin but do no damage. The hobgoblin hits you.
A giant cockroach comes into view.
The kobold hits you but does no damage.
A hobgoblin comes into view.
The hobgoblin completely misses you.
You closely miss the hobgoblin. The kobold hits you but does no damage.
A goblin comes into view. It is wielding a +0 club.
The hobgoblin misses you.
The goblin shouts!
You hit the hobgoblin.
The hobgoblin is moderately wounded.
The kobold barely misses you. The hobgoblin misses you.
You hit the hobgoblin.
The hobgoblin is heavily wounded.
The kobold hits you with a +0 short sword.
The kobold throws a stone.
The stone barely misses you.
The kobold hits you with a +0 short sword.
You are too injured to fight recklessly!
You are too injured to fight recklessly!
You are too injured to fight recklessly!
You are too injured to fight recklessly!
The hobgoblin barely misses you.
The giant cockroach waves its antennae.
There is a faded altar of an unknown god here.
You see here a scroll of immolation.
The kobold hits you but does no damage. The kobold hits you with a +0 whip.
* * * LOW HITPOINT WARNING * * *
The goblin barely misses you.
The hobgoblin hits you but does no damage.
The hobgoblin hits you.
You die...

..... ..... .. .....
.... ... .. .....#
#.. #..##..
....#.##.##......
...........# ..#
.........#.##..##.
..##.#..gB........
.......KKgg.+.....
...#..#..##@.#.....
....#..............
........#...##.....
....#..#.†...#.....
.....#..#..####......
.....................
.....................
#.......#............
#.....#####....#...##


You could see a giant cockroach, 2 hobgoblins, a goblin and 2 kobolds.

Vanquished Creatures
  3 ball pythons (D:1)
  A frilled lizard (D:1)
4 creatures vanquished.

Notes
Turn   | Place    | Note
-------+----------+-------------------------------------------
     0 | D:1      | innerfire433 the Deep Elf Artificer began the quest for the
                  | Orb.
     0 | D:1      | Reached XP level 1. HP: 11/11 MP: 3/3
   542 | D:1      | Found a faded altar of an unknown god.
   740 | D:1      | Slain by a hobgoblin

Illustrated notes

Levels and vault maps discovered:
D:1:      elethiomel_arrival_fortress_basement, layout_basic,
          hellmonk_ecumenical_altar_blasted, supply_closet_lemuel,
          minmay_tromino_v4_a

Action                   || total
-------------------------++-------
Melee: Club              ||    31
       Punch             ||     1
Armor: Leather armour    ||    11
Dodge: Dodged            ||    31

Table legend: (Time is in decaauts)
 A = Elapsed time spent in this place.
 B = Non-inter-level travel time spent in this place.
 C = Inter-level travel time spent in this place.
 D = Time resting spent in this place.
 E = Time spent auto-exploring this place.
 F = Levels seen in this place.
 G = Mean time per level.
                   A        B        C        D        E       F      G
               +--------+--------+--------+--------+--------+-----+--------+
         Total |    749 |    749 |      0 |      0 |    682 |   1 |  749.0 |
       Dungeon |    749 |    749 |      0 |      0 |    682 |   1 |  749.0 |
               +--------+--------+--------+--------+--------+-----+--------+

Top non-repeatable levels by time:
     D:1: 749 daAuts
